 Dungeon Crawl Stone Soup version 0.26-a0-950-g52035dc9a5 (webtiles) character file.

Game seed: 5275740621822332975

930 Forecaster the Magician (level 8, -10/68 HPs)
             Began as a Naga Hedge Wizard on Nov 28, 2020.
             Mangled by an ogre
             ... wielding a +0 giant club
              (17 damage)
             ... on level 5 of the Dungeon on Nov 29, 2020.
             The game lasted 00:25:30 (6596 turns).

Forecaster the Magician (Naga Hedge Wizard)         Turns: 6596, Time: 00:25:30

Health: -10/68     AC:  5    Str: 12    XL:     8   Next: 11%
Magic:  6/16       EV: 10    Int: 21    God:
Gold:   208        SH:  0    Dex: 11    Spells: 13/18 levels left

rFire    + . .     SeeInvis +   v - +11 quarterstaff "Ruol" {spect, +Rage rPois rC- Int+4}
rCold    x . .     Faith    .   (shield currently unavailable)
rNeg     . . .     Spirit   .   w - +0 leather armour {rF+}
rPois    +         Reflect  .   c - +0 hat
rElec    .         Harm     .   (no cloak)
rCorr    .         Rampage  .   s - +0 pair of gloves
MR       +....                  (no barding)
Stlth    +++.......             (no amulet)
HPRegen  0.21/turn              (no ring)
MPRegen  0.15/turn              j - ring of stealth

@: attractive, very slow
A: large, see invisible, deformed body, poison resistance, slowness 2, spit
poison 1, AC +2
a: Spit Poison, Evoke Berserk Rage


You were on level 5 of the Dungeon.
You visited 1 branch of the dungeon, and saw 5 of its levels.

You collected 208 gold pieces.

Inventory:

Hand Weapons
 a - a +0 dagger
 k - a +2 dagger of venom
 v - the +11 quarterstaff "Ruol" (weapon) {spect, +Rage rPois rC- Int+4}
   (You found it on level 4 of the Dungeon)

   It retains the spirit of the tree from which it was made.
   In the hands of one skilled in evocations this spirit is drawn out to fight
   along side the wielder.
   It affects your intelligence (+4).
   It makes you vulnerable to cold.
   It protects you from poison.
   It lets you go berserk.
Missiles
 t - 7 atropa-tipped darts
Armour
 b - a +0 robe
 c - a +0 hat (worn)
 g - a +0 pair of gloves
 s - a +0 pair of gloves (worn)
 w - a +0 leather armour of fire resistance (worn)
Jewellery
 j - a ring of stealth (right hand)
Wands
 z - a wand of enslavement (8)
 C - a wand of paralysis (8)
Scrolls
 d - a scroll of teleportation {unknown}
 e - 3 scrolls of remove curse {unknown}
 i - 7 scrolls of identify {unknown}
 l - a scroll of enchant weapon {unknown}
 m - 4 scrolls of enchant armour {unknown}
 n - a scroll of fog {unknown}
 r - a scroll of amnesia {unknown}
 y - a scroll of immolation {unknown}
Potions
 f - a potion of magic {unknown}
 h - a potion of attraction
 o - 2 potions of curing {unknown}
 p - a potion of degeneration {unknown}
 q - 2 potions of cancellation {unknown}
 u - a potion of ambrosia {unknown}
 x - a potion of resistance {unknown}
 A - a potion of might {unknown}
 B - a potion of heal wounds {unknown}


   Skills:
 + Level 2.3 Fighting
 + Level 1.4 Short Blades
 + Level 2.3 Staves
 + Level 0.4 Armour
 + Level 2.4 Dodging
 + Level 5.1 Stealth
 + Level 5.5 Spellcasting
 + Level 3.1 Conjurations
 + Level 3.5 Summonings
 + Level 1.0 Translocations


You had 13 spell levels left.
You knew the following spells:

 Your Spells              Type           Power        Failure   Level
a - Magic Dart            Conj           ###.         3%          1
b - Call Imp              Summ           ###.....     4%          2
c - Blink                 Tloc           N/A          13%         2

Your spell library contained the following spells:

 Spells                   Type           Power        Failure   Level
 Slow                     Hex            #.......     21%         2
 Conjure Flame            Conj/Fire      ##......     21%         3
 Mephitic Cloud           Conj/Pois/Air  ##......     26%         3


Dungeon Overview and Level Annotations

Branches:
Dungeon (5/15)
 Temple: D:4-7

Altars:
Nemelex Xobeh

Shops:
D:5 [


Innate Abilities, Weirdness & Mutations

You cannot wear boots.
Your serpentine skin is tough. (AC +2)
You have supernaturally acute eyesight. (SInv)
Armour fits poorly on your strangely shaped body.
Your system is resistant to poisons. (rPois)
You cover ground very slowly.
You can spit poison.


Message History

A shadowy apparition takes form in the air.
The ogre hits you with a +0 giant club!
Casting: Call Imp (safe; 4% risk of failure)
Confirm with . or Enter, or press ? or * to list all spells.
A beastly little devil appears in a puff of flame.
The ogre hits you with a +0 giant club!
Your shadow imp gestures at the ogre.
The ogre struggles to resist.
Your shadow imp hits the ogre.
The ogre hits you with a +0 giant club!!
* * * LOW HITPOINT WARNING * * *
You swap places.
Your crimson imp blinks!
Your shadow imp hits the ogre.
The ogre closely misses you.
Your shadow imp hits the ogre.
You swap places.
Your crimson imp hits the ogre.
It was a potion of attraction.
You feel attractive to monsters.
Your crimson imp hits the ogre.
The ogre hits you with a +0 giant club!
You die...

#.# >#.## #...#. #
#.# ##.# ##......#
#.# .# #.....#.# .#
#.......# ### #
#.....# ..#.#
#.###.## #.#.# #.#
#5.# #.#.# ..#
#.###O5# #.#.# #.#
#....@.# #.#.# #.#
#.####.# #.#.# #.#
#.# #.#
..#.####.###.# #.#
............5# #.#
..###....###.## #.#
.........##...###.#
.##.[..........# .#
................#


You could see an ogre, a friendly crimson imp (summoned) and a friendly shadow
imp (summoned).

Vanquished Creatures
  An ice beast (D:5)
  A sky beast (D:5)
  An ogre (D:3)
  2 scorpions (D:5)
  2 orc priests (D:4)
  A hound (D:4)
  3 orc wizards
  3 worker ants
  7 adders
  A shadow imp (D:5)
  An ooze (D:1)
  An adder skeleton (D:4)
  A worm (D:2)
  A dart slug (D:1)
  A leopard gecko (D:4)
  6 orcs
  6 bats
  3 giant cockroaches (D:3)
  8 goblins
  7 hobgoblins
  7 jackals
  4 kobolds
  2 quokkas
  2 ball pythons
  5 frilled lizards
  A jackal skeleton (D:5)
  A leopard gecko skeleton (D:4)
  9 rats
88 creatures vanquished.

Vanquished Creatures (collateral kills)
  A phantom (D:4)
  An ogre (D:4)
  A big kobold (D:5)
  An orc priest (D:4)
  A jelly (D:2)
  An orc wizard (D:4)
  A worker ant zombie (D:5)
  An ooze (D:2)
  A worm (D:2)
  A dart slug (D:3)
  4 orcs (D:4)
  A ball python (D:3)
  A hobgoblin (D:2)
  7 kobolds
23 creatures vanquished.

Grand Total: 111 creatures vanquished

Notes
Turn   | Place    | Note
-------+----------+-------------------------------------------
     0 | D:1      | Forecaster the Naga Hedge Wizard began the quest for the
                  | Orb.
     0 | D:1      | Reached XP level 1. HP: 15/15 MP: 4/4
   346 | D:1      | Reached XP level 2. HP: 17/22 MP: 1/6
   349 | D:1      | Learned a level 2 spell: Call Imp
   352 | D:1      | Learned a level 2 spell: Blink
  1397 | D:2      | Reached XP level 3. HP: 27/28 MP: 4/7
  2200 | D:2      | Reached XP level 4. HP: 35/36 MP: 0/9
  3012 | D:3      | Noticed an ogre
  3385 | D:3      | Killed an ogre
  3386 | D:3      | Reached skill level 1 in Short Blades
  3386 | D:3      | Reached XP level 5. HP: 11/43 MP: 5/11
  4190 | D:4      | Noticed an ogre
  4198 | D:4      | Killed an ogre
  4199 | D:4      | Reached XP level 6. HP: 50/50 MP: 3/12
  4303 | D:4      | Upgraded the game from 0.26-a0-946-g9485abf61d to
                  | 0.26-a0-950-g52035dc9a5
  4418 | D:4      | Noticed a phantom
  4455 | D:4      | Killed a phantom
  4707 | D:4      | Reached skill level 1 in Fighting
  4882 | D:4      | Found a sparkling altar of Nemelex Xobeh.
  4902 | D:4      | Got a masterwork quarterstaff
  4902 | D:4      | Identified the +11 quarterstaff "Ruol" {spect, +Rage rPois
                  | rC- Int+4} (You found it on level 4 of the Dungeon)
  4926 | D:4      | Reached skill level 5 in Spellcasting
  5293 | D:4      | Reached XP level 7. HP: 46/57 MP: 12/14
  5749 | D:5      | Entered Level 5 of the Dungeon
  6125 | D:5      | Reached skill level 1 in Staves
  6126 | D:5      | Found Badewo's Armour Shoppe.
  6589 | D:5      | Reached skill level 5 in Stealth
  6589 | D:5      | Reached XP level 8. HP: 45/68 MP: 9/16
  6596 | D:5      | Mangled by an ogre

Illustrated notes

Levels and vault maps discovered:
D:1:      ncdulo_halloftheorcs, layout_basic, minmay_door_square,
          serial_park_tiny_pond
D:2:      layout_basic, serial_rivers, chequers_serial_rivers_micro_d,
          chequers_serial_rivers_small_3, chequers_serial_rivers_room_b,
          chequers_serial_rivers_large_a, kennysheep_boxes
D:3:      kennysheep_big_flooded_room, layout_rooms
D:4:      layout_gridville, lemuel_doored_altar, minmay_crystal_room
D:5:      layout_loops_ring, serial_shops, nicolae_shop_statue_plus

Skill      XL: |  1  2  3  4  5  6  7 |
---------------+----------------------+-----
Stealth        | 4 5 |  5.1
Dodging        | 2 |  2.4
Short Blades   | 1 |  1.4
Spellcasting   | 4 5 |  5.5
Conjurations   | 2 3 |  3.1
Summonings     | 2 3 |  3.5
Fighting       | 1 2 |  2.3
Staves         | 2 |  2.3
Armour         | |  0.4
Translocations | |  1.0

Action                   |  1- 3 |  4- 6 |  7- 9 || total
-------------------------+-------+-------+-------++-------
Melee: Dagger            |    34 |    70 |       ||   104
       Quarterstaff      |       |     5 |    55 ||    60
 Cast: Magic Dart        |    62 |    76 |    24 ||   162
       Call Imp          |     6 |    21 |    17 ||    44
  Use: Potion            |       |       |     1 ||     1
 Stab: Sleeping          |       |     1 |     3 ||     4
       Distracted        |       |     1 |       ||     1
Armor: Robe              |     5 |    13 |     5 ||    23
       Leather armour    |       |       |     5 ||     5
Dodge: Dodged            |    16 |    34 |    27 ||    77

Table legend: (Time is in decaauts)
 A = Elapsed time spent in this place.
 B = Non-inter-level travel time spent in this place.
 C = Inter-level travel time spent in this place.
 D = Time resting spent in this place.
 E = Time spent auto-exploring this place.
 F = Levels seen in this place.
 G = Mean time per level.
                   A        B        C        D        E       F      G
               +--------+--------+--------+--------+--------+-----+--------+
         Total |   7797 |   7648 |    149 |    948 |   5285 |   5 | 1559.4 |
       Dungeon |   7797 |   7648 |    149 |    948 |   5285 |   5 | 1559.4 |
               +--------+--------+--------+--------+--------+-----+--------+

Top non-repeatable levels by time:
     D:4: 2037 daAuts
     D:2: 2006 daAuts
     D:1: 1591 daAuts
     D:3: 1137 daAuts
     D:5: 1024 daAuts
